 Dungeon Crawl Stone Soup version 0.30-a0-737-gf23d94013f (webtiles) character file.

Game seed: 16223115291237121279

105 mopl the Sneak (level 4, -4/23 HPs)
             Began as a Vine Stalker Brigand on Feb 2, 2023.
             Was a Believer of Nemelex Xobeh.
             Slain by an iguana (12 damage)
             ... on level 4 of the Dungeon.
             The game lasted 00:03:01 (2465 turns).

mopl the Sneak (Vine Stalker Brigand)               Turns: 2465, Time: 00:03:01

Health: -4/23      AC:  3    Str: 14    XL:     4   Next: 81%
Magic:  0/5        EV: 12    Int: 11    God:    Nemelex Xobeh [**....]
Gold:   9          SH:  0    Dex: 17    Spells: 3/3 levels left

rFire   . . .      SeeInvis .    a - +1 dagger (vamp)
rCold   . . .      Faith    .    (no shield)
rNeg    . . .      Spirit   +    b - +0 robe
rPois   .          Reflect  .    (no helmet)
rElec   .          Harm     .    c - +0 cloak
rCorr   .          Rampage  .    (no gloves)
Will    .....                    (no boots)
Stlth   +++                      (no amulet)
HPRegen 1.03/turn                (no ring)
MPRegen 0.09/turn                (no ring)

@: no status effects
A: fangs 2, regeneration 1, magic shield, antimagic bite, no potion heal 2
a: Renounce Religion, Draw Escape, Draw Destruction, Draw Summoning


You were on level 4 of the Dungeon.
You worshipped Nemelex Xobeh.
Nemelex Xobeh was pleased with you.
You visited 1 branch of the dungeon, and saw 4 of its levels.

You collected 132 gold pieces.
You spent 123 gold pieces at shops.

Inventory:

Hand Weapons
 a - a +1 vampiric dagger (weapon)
 l - the +5 spear of Nineimown {pain, rPois rC+ SInv}
   (You found it on level 2 of the Dungeon)

   rC:        It protects you from cold.
   rPois:     It protects you from poison.
   SInv:      It lets you see invisible.
Missiles
 d - 18 poisoned darts (quivered)
 e - 6 curare-tipped darts
 r - 15 stones
Armour
 b - a +0 robe (worn)
 c - a +0 cloak (worn)
Jewellery
 u - an amulet of faith {!P}
Scrolls
 g - 7 scrolls of identify
 i - 2 scrolls of enchant weapon {unknown}
 j - 2 scrolls of acquirement {unknown}
 k - 2 scrolls of magic mapping {unknown}
 m - a scroll of vulnerability {unknown}
 n - 2 scrolls of noise {unknown}
 o - 3 scrolls of blinking
 p - a scroll of amnesia {unknown}
 q - a scroll of fear {unknown}
 v - a scroll of enchant armour {unknown}
Potions
 f - 2 potions of cancellation {unknown}
 h - 2 potions of attraction {unknown}
 s - a potion of degeneration {unknown}
 t - 2 potions of heal wounds {unknown}


   Skills:
 + Level 2.2 Fighting
 * Level 2.3 Short Blades
 * Level 2.6 Throwing
 + Level 0.8 Armour
 + Level 1.2 Dodging
 * Level 5.5 Stealth
 + Level 0.9 Invocations


You had 3 spell levels left.
You didn't know any spells.
Your spell library was empty.

Dungeon Overview and Level Annotations

Branches:
Dungeon (4/15)
 Temple: D:4-7

Altars:
Ashenzari
Cheibriados
Nemelex Xobeh

Shops:
D:4 ?[==


Innate Abilities, Weirdness & Mutations

You have extremely sharp teeth.
Your natural rate of healing is unusually fast.
When hurt, damage is shared between your health and your magic reserves.
Your bite disrupts and absorbs the magic of your enemies.
Potions cannot restore your health.


Message History

There is an entrance to Riaguh's Magic Scroll Shop here.
g - 7 scrolls of identify (gained 1);
o - 3 scrolls of blinking (gained 1) Thank you for shopping at Riaguh's Magic Scroll Shop!
You can access your shopping list by pressing '$'.
v - a scroll labelled PAEJUAG SUVO
n - 2 scrolls labelled CUTYCA ESOU (gained 1)
An iguana comes into view.
The iguana hisses angrily.
You hit the iguana. You bite the iguana, but do no damage.
The iguana is lightly wounded.
The iguana bites you!
You completely miss the iguana.
The iguana is lightly wounded.
The iguana misses you.
You hit the iguana but do no damage.
The iguana is lightly wounded.
The iguana bites you!
You are too injured to fight recklessly!
You are too injured to fight recklessly!
You are too injured to fight recklessly!
You are too injured to fight recklessly!
You are too injured to fight recklessly!
You are too injured to fight recklessly!
You are too injured to fight recklessly!
You are too injured to fight recklessly!
You are too injured to fight recklessly!
You are too injured to fight recklessly!
You are too injured to fight recklessly!
You are too injured to fight recklessly!
You are too injured to fight recklessly!
You are too injured to fight recklessly!
You are too injured to fight recklessly!
You are too injured to fight recklessly!
You are too injured to fight recklessly!
You barely miss the iguana.
The iguana is lightly wounded.
The iguana bites you!
Ouch! That really hurt!
You die...
Your body glows slightly and disappears.

## ##... #. ...... #.
#..^.. ## #.## ##..... .
#... ...>.. .#
##..#####..###.####
#...<.....$.......#
####.#.#..##...@l....#
#.........†.#..###.#....
#.###..........# .. .
#..♣.♣.♣.♣.# #.#
#.###...⌠.∩.⌠..###.# #
.......♣.♣.♣.♣.....#
#..##...∩.⌠.∩......#
#..##..♣.♣.♣.♣..####
#..##...⌠.∩.⌠...#


You could see an iguana.

Vanquished Creatures
  4 adders
  A worm (D:2)
  2 dart slugs
  2 ball pythons (D:1)
  6 endoplasms
  A giant cockroach (D:1)
  6 goblins
  5 hobgoblins (D:1)
  3 jackals (D:1)
  10 kobolds
  6 quokkas
  7 bats
  2 frilled lizards (D:1)
  3 rats (D:1)
58 creatures vanquished.

Notes
Turn   | Place    | Note
-------+----------+-------------------------------------------
     0 | D:1      | mopl the Vine Stalker Brigand began the quest for the Orb.
     0 | D:1      | Reached XP level 1. HP: 11/11 MP: 2/2
    75 | D:1      | Found a faded altar of an unknown god.
    85 | D:1      | Prayed at the altar of an unknown god.
    85 | D:1      | Became a worshipper of Nemelex Xobeh the Trickster
    85 | D:1      | Reached * piety under Nemelex Xobeh
    85 | D:1      | Received a gift from Nemelex Xobeh
   135 | D:1      | Reached XP level 2. HP: 8/15 MP: 3/3
   138 | D:1      | Reached skill level 2 in Throwing
   138 | D:1      | Reached skill level 5 in Stealth
   165 | D:1      | Reached skill level 2 in Short Blades
   358 | D:1      | Reached skill level 2 in Fighting
   374 | D:1      | Reached skill level 1 in Dodging
   379 | D:1      | Reached XP level 3. HP: 18/18 MP: 4/4
   942 | D:2      | Reached ** piety under Nemelex Xobeh
  1001 | D:2      | Identified the +5 spear of Nineimown {pain, rPois rC+ SInv}
  1223 | D:2      | Received a gift from Nemelex Xobeh
  1229 | D:2      | Gained mutation: Your natural rate of healing is unusually
                  | fast. [Vine Stalker growth]
  1229 | D:2      | Reached XP level 4. HP: 23/23 MP: 5/5
  1783 | D:3      | Received a gift from Nemelex Xobeh
  1806 | D:3      | Found a broken altar of Ashenzari.
  1931 | D:3      | Found a snail-covered altar of Cheibriados.
  2382 | D:4      | Found Jutreh's Antique Armour Shop.
  2382 | D:4      | Found Buak's Jewellery Shop.
  2383 | D:4      | Found Riaguh's Magic Scroll Shop.
  2384 | D:4      | Found Puhy's Jewellery Shop.
  2436 | D:4      | Bought a scroll of identify for 26 gold pieces
  2436 | D:4      | Bought a scroll of blinking for 97 gold pieces
  2465 | D:4      | Slain by an iguana

Illustrated notes

Levels and vault maps discovered:
D:1:      dpeg_arrival_short_road, layout_basic,
          shapermc_ecumenical_altar_notcrosses, serial_glass, glass_columns_c,
          glass_columns_a, glass_columns_a, glass_columns_c, glass_columns_a
D:2:      layout_loops_ring
D:3:      layout_basic, evilmike_ruin_ashenzari, kennysheep_slug_shrine,
          serial_rivers, chequers_serial_rivers_small_a,
          chequers_serial_rivers_small_3, chequers_serial_rivers_small_3,
          chequers_serial_rivers_room_a, chequers_serial_rivers_room_a,
          chequers_serial_rivers_micro_e
D:4:      layout_loops_ring, yredelemnul_forgotten_temple_becter,
          minmay_shop_grid_forest, uniq_grinder

Skill      XL: |  1  2 |
---------------+-------+-----
Throwing       | 2 |  2.6
Stealth        | 5 |  5.5
Short Blades   | 2 |  2.3
Fighting       | 2 |  2.2
Dodging        | 1 |  1.2
Armour         | |  0.8
Invocations    | |  0.9

Action                     |  1- 3 |  4- 6 || total
---------------------------+-------+-------++-------
  Melee: Dagger            |   101 |    55 ||   156
         Bite              |    23 |    11 ||    34
   Stab: Sleeping          |     8 |     7 ||    15
 Armour: Robe              |    25 |     4 ||    29
  Dodge: Dodged            |    62 |    32 ||    94

Table legend: (Time is in decaauts)
 A = Elapsed time spent in this place.
 B = Non-inter-level travel time spent in this place.
 C = Inter-level travel time spent in this place.
 D = Time resting spent in this place.
 E = Time spent auto-exploring this place.
 F = Levels seen in this place.
 G = Mean time per level.
                   A        B        C        D        E       F      G
               +--------+--------+--------+--------+--------+-----+--------+
         Total |   2459 |   2405 |     54 |      0 |   1974 |   4 |  614.8 |
       Dungeon |   2459 |   2405 |     54 |      0 |   1974 |   4 |  614.8 |
               +--------+--------+--------+--------+--------+-----+--------+

Top non-repeatable levels by time:
     D:3: 979 daAuts
     D:1: 764 daAuts
     D:2: 636 daAuts
     D:4: 80 daAuts
